 Dungeon Crawl Stone Soup version 0.28-a0-1447-ga5a8893891 (webtiles) character file.

Game seed: 14173980864681731204

153 shadowrider38 the Insei (level 5, -2/33 HPs)
             Began as an Octopode Transmuter on Jan 10, 2022.
             Succumbed to an orc wizard's poison
             ... on level 4 of the Dungeon.
             The game lasted 00:06:28 (4409 turns).

shadowrider38 the Insei (Octopode Transmuter)       Turns: 4409, Time: 00:06:29

Health: -2/33      AC:  5    Str:  9    XL:     5   Next: 35%
Magic:  8/8        EV: 18    Int: 18    God:
Gold:   150        SH:  0    Dex: 12    Spells: 7/8 levels left

rFire   . . .      SeeInvis .     - Unarmed
rCold   . . .      Faith    .   (no shield)
rNeg    . . .      Spirit   .   (helmet restricted)
rPois   .          Reflect  .   (no amulet)
rElec   .          Harm     .   i - +4 ring of protection
rCorr   .          Rampage  .   n - +4 ring of evasion
Will    .....                   (no ring)
Stlth   ++........              (no ring)
HPRegen 0.11/turn               (no ring)
MPRegen 0.11/turn               (no ring)
                                (no ring)
                                (no ring)

@: confused, lethally poisoned (-2 -> -22)
A: almost no armour, amphibious, 8 rings, camouflage 1, gelatinous body 1,
(nimble swimmer 1), tentacles
a: no special abilities


You were on level 4 of the Dungeon.
You visited 1 branch of the dungeon, and saw 4 of its levels.

You collected 150 gold pieces.

Inventory:

Hand Weapons
 e - a +1 vorpal hand axe
Missiles
 c - 89 stones
 h - 3 atropa-tipped darts
Jewellery
 i - a +4 ring of protection (left tentacle)
 n - a +4 ring of evasion (right tentacle)
Scrolls
 j - a scroll of fear {unknown}
 k - a scroll of noise {unknown}
 l - a scroll of teleportation {unknown}
 m - a scroll of immolation {unknown}
Potions
 a - a potion of resistance
 b - a potion of ambrosia {unknown}
 d - 2 potions of curing
 f - a potion of brilliance
 g - 2 potions of attraction {unknown}


   Skills:
 - Level 1.0 Fighting
 - Level 4.0 Dodging
 - Level 4.0 Unarmed Combat
 - Level 2.0 Spellcasting
 + Level 3.0 Transmutations


You had 7 spell levels left.
You knew the following spells:

 Your Spells              Type           Power      Damage    Failure   Level
a - Beastly Appendage     Tmut           24%        N/A       5%          1

Your spell library contained the following spells:

 Spells                   Type           Power      Damage    Failure   Level
 Wereblood                Tmut           12%        N/A       8%          2
 Spider Form              Tmut/Pois      7%         N/A       28%         3
 Ice Form                 Ice/Tmut       7%         N/A       67%         4


Dungeon Overview and Level Annotations

Branches:
Dungeon (4/15)
 Temple: D:4-7

Altars:
Okawaru
Uskayaw
Xom
Yredelemnul

Annotations:
D:2 Sigmund
D:3 1 runed translucent door, exclusion: 2 downstairs, Crazy Yiuf
D:4 1 transporter


Innate Abilities, Weirdness & Mutations

You cannot wear most types of armour.
You are amphibious.
You can wear up to eight rings at the same time.
Your skin changes colour to match your surroundings (Stealth+).
Your rubbery body absorbs attacks. (AC +1, EV +1)
((You are camouflaged when in or above water. (Stealth+)))
You have tentacles for arms and can constrict up to eight enemies at once.


Message History

You bump into the rock wall.
You feel sick. Something hits you but does no damage.
You are more poisoned.
You bump into the rock wall.
You feel very sick. Something hits you.
You are more poisoned.
You bump into the rock wall.
You feel very sick. Something hits you.
You are more poisoned.
You closely miss something.
* * * LOW HITPOINT WARNING * * *
You feel extremely sick. Something hits you but does no damage.
You are more poisoned.
You closely miss something.
Your tentacle spike misses something.
Your squeeze misses something.
* * * LOW HITPOINT WARNING * * *
You feel very sick.
Unknown command.
You feel better.
You hear some strange, mumbled words.
You are confused.
You're too confused to move!
Something hits you.
You are poisoned.
Your tentacle spike disappears.
* * * LOW HITPOINT WARNING * * *
You feel sick. Something hits you but does no damage.
In your confused state, you trip and fall back down the stairs.
* * * LOW HITPOINT WARNING * * *
x2 You feel sick.
Something hits you but does no damage.
You are lethally poisoned!
You miss something.
* * * LOW HITPOINT WARNING * * *
You feel sick. Something hits you.
* * * LOW HITPOINT WARNING * * *
You are more poisoned.
You bump into the rock wall.
You die...

#............#
#............#
######)#######
#g# #o# #{#
#o# #{# #@#
###


You could see 2 orcs and a hobgoblin.

Vanquished Creatures
  A jelly (D:2)
  An orc wizard (D:3)
  Robin (D:2)
  2 adders
  An adder skeleton (D:2)
  A dart slug (D:2)
  3 orcs
  9 ball pythons
  4 endoplasms
  A giant cockroach (D:2)
  9 goblins (D:2)
  5 hobgoblins
  6 quokkas
  7 bats
  2 frilled lizards
  2 kobolds
  3 rats
58 creatures vanquished.

Notes
Turn   | Place    | Note
-------+----------+-------------------------------------------
     0 | D:1      | shadowrider38 the Octopode Transmuter began the quest for
                  | the Orb.
     0 | D:1      | Reached XP level 1. HP: 13/13 MP: 3/3
   341 | D:1      | Reached XP level 2. HP: 18/18 MP: 3/5
   379 | D:1      | Found a faded altar of an unknown god.
  1528 | D:2      | You fall into a shaft and drop 1 floor!
  1686 | D:2      | Reached XP level 3. HP: 13/23 MP: 4/6
  1943 | D:2      | Noticed Sigmund
  1978 | D:2      | Noticed Robin
  1993 | D:2      | Killed Robin
  2282 | D:2      | Reached XP level 4. HP: 28/28 MP: 5/7
  2833 | D:3      | Found a runed translucent door.
  2834 | D:3      | Noticed Crazy Yiuf
  3355 | D:3      | Reached XP level 5. HP: 33/33 MP: 6/8
  3658 | D:3      | Found a shimmering altar of Xom.
  3660 | D:3      | Found a basalt altar of Yredelemnul.
  3662 | D:3      | Found a hide-covered altar of Uskayaw.
  3663 | D:3      | Found an iron altar of Okawaru.
  3988 | D:4      | Found a transporter.
  3994 | D:4      | Noticed a kobold demonologist
  4409 | D:4      | Succumbed to an orc wizard's poison

Illustrated notes

Levels and vault maps discovered:
D:1:      lightli_iron_boxes, layout_basic, ebering_ecumenical_altar_abandoned
D:2:      layout_loops_ring, uniq_sigmund, uniq_robin
D:3:      layout_basic, minitemple, corexii_leaking_fountain, dk_noncrumbling_3,
          uniq_crazy_yiuf_cottage
D:4:      gammafunk_wand_slinger, layout_basic

Skill      XL: |  1  2  3  4  5 |
---------------+----------------+-----
Unarmed Combat | 4 |  4.0
Dodging        | 3 4 |  4.0
Transmutations | 3 |  3.0
Fighting       | |  1.0
Spellcasting   | |  2.0

Action                   |  1- 3 |  4- 6 || total
-------------------------+-------+-------++-------
Melee: Unarmed           |    71 |    53 ||   124
       Tentacles         |    12 |    16 ||    28
       Constrict         |    18 |    12 ||    30
       Kick              |    16 |    15 ||    31
       Punch             |     3 |     1 ||     4
 Cast: Beastly Appendage |    18 |    15 ||    33
  Use: Scroll            |       |     3 ||     3
       Potion            |       |     1 ||     1
 Stab: Sleeping          |     5 |       ||     5
Armor: Skin              |    17 |    11 ||    28
Dodge: Dodged            |    40 |    39 ||    79

Table legend: (Time is in decaauts)
 A = Elapsed time spent in this place.
 B = Non-inter-level travel time spent in this place.
 C = Inter-level travel time spent in this place.
 D = Time resting spent in this place.
 E = Time spent auto-exploring this place.
 F = Levels seen in this place.
 G = Mean time per level.
                   A        B        C        D        E       F      G
               +--------+--------+--------+--------+--------+-----+--------+
         Total |   4405 |   4068 |    337 |   1348 |   2053 |   4 | 1101.2 |
       Dungeon |   4405 |   4068 |    337 |   1348 |   2053 |   4 | 1101.2 |
               +--------+--------+--------+--------+--------+-----+--------+

Top non-repeatable levels by time:
     D:2: 1785 daAuts
     D:3: 1504 daAuts
     D:1: 978 daAuts
     D:4: 135 daAuts
